 Dungeon Crawl Stone Soup version 0.25.1-2-g60ff931df9 (webtiles) character file.

Game seed: 11405326593550316707

4451 Britanger the Thaumaturge (level 10, -10/50 HPs)
             Began as a Deep Elf Wizard on Oct 20, 2020.
             Was an Elder of Sif Muna.
             Mangled by an unseen horror (12 damage)
             ... on level 10 of the Dungeon.
             The game lasted 01:08:56 (13495 turns).

Britanger the Thaumaturge (Deep Elf Wizard)        Turns: 13495, Time: 01:08:57

Health: -10/50     AC:  6    Str:  3 (4)  XL:     10   Next: 15%
Magic:  19/37      EV: 20    Int: 24 (25) God:    Sif Muna [****..]
Gold:   600        SH:  0    Dex: 14 (15) Spells: 24/33 levels left

rFire    . . .     SeeInvis .   K - +1 hand crossbow (vorpal)
rCold    + + +     Gourm    .   (no shield)
rNeg     + . .     Faith    .   H - +2 robe {rN+}
rPois    .         Spirit   .   b - +0 hat
rElec    .         Reflect  .   i - scarf {rC+ rF+}
rCorr    .         Harm     .   r - +0 pair of gloves
MR       +....                  M - +0 pair of boots
Stlth    ++++......             (no amulet)
HPRegen  0.16/turn              u - ring of magical power
MPRegen  0.25/turn              D - ring of ice

@: no status effects
A: horns 1, repulsion field 1, cold resistance 1, deterioration 1
a: Channel Magic, Forget Spell, Divine Exegesis, Renounce Religion


You were on level 10 of the Dungeon.
You worshipped Sif Muna.
Sif Muna was greatly pleased with you.
You were not hungry.

You visited 2 branches of the dungeon, and saw 11 of its levels.

You collected 600 gold pieces.

Inventory:

Hand Weapons
 f - a +1 dagger
 K - a +1 vorpal hand crossbow (weapon)
Missiles
 l - 30 sling bullets
 E - 61 bolts (quivered)
Armour
 b - a +0 hat (worn)
 i - a scarf of resistance (worn)
 r - a +0 pair of gloves (worn)
 C - a +0 pair of boots
 H - a +2 robe of positive energy (worn)
 M - a +0 pair of boots (worn)
 N - a +0 pair of gloves
Jewellery
 u - a ring of magical power (left hand)
 D - a ring of ice (right hand)
 L - an uncursed amulet of faith
Wands
 x - a wand of enslavement (8)
 G - a wand of acid (15)
Scrolls
 c - 8 scrolls of teleportation
 g - 5 scrolls of remove curse
 h - 3 scrolls of noise
 j - a scroll of fear {unknown}
 n - 5 scrolls of amnesia
 v - 2 scrolls of fog {unknown}
 y - 2 scrolls of enchant weapon
 z - a scroll of blinking {unknown}
 A - 3 scrolls of magic mapping
 I - 2 scrolls of enchant armour {unknown}
Potions
 e - 2 potions of flight
 k - 4 potions of might
 m - 3 potions of magic
 o - a potion of ambrosia {unknown}
 p - a potion of resistance {unknown}
 q - a potion of mutation
 s - 2 potions of curing
 t - 2 potions of haste
 w - a potion of cancellation {unknown}
 B - a potion of heal wounds {unknown}
 F - 3 potions of stabbing
 J - 2 potions of invisibility
Comestibles
 d - 8 rations


   Skills:
 + Level 9.0 Dodging
 - Level 8.0 Stealth
 + Level 12.0 Spellcasting
 - Level 8.1 Conjurations
   Level 1.1 Summonings
 - Level 1.1 Translocations
 + Level 0.0 Air Magic
 * Level 1.0 Evocations


You had 24 spell levels left.
You knew the following spells:

 Your Spells              Type           Power        Failure   Level  Hunger
a - Magic Dart            Conj           ####         1%          1    None
b - Blink                 Tloc           N/A          4%          2    None
c - Conjure Flame         Conj/Fire      ####....     2%          3    None
d - Mephitic Cloud        Conj/Pois/Air  ####....     4%          3    None

Your spell library contained the following spells:

 Spells                   Type           Power        Failure   Level  Hunger
 Call Imp                 Summ           ###.....     4%          2    None
 Slow                     Hex            ##......     6%          2    None


Dungeon Overview and Level Annotations

Branches:
Dungeon (9/15)             Temple (1/1) D:7
   Lair: D:8-11         Orc: D:9-12

Altars:
Ashenzari
Cheibriados
Dithmenos
Fedhas
Gozag
Hepliaklqana
Kikubaaqudgha
Makhleb
Nemelex Xobeh
Okawaru
Qazlal
Ru
Sif Muna
Trog
Uskayaw
Vehumet
Wu Jian
Xom
Yredelemnul
Zin
The Shining One

Annotations:
D:7 Erica
D:8 1 runed translucent door, Dicemaster's ghost, novice GnWr


Innate Abilities, Weirdness & Mutations

You have a pair of small horns on your head.
You are surrounded by a mild repulsion field. (EV +2)
Your flesh is cold resistant. (rC+)
Your body sometimes deteriorates upon taking damage.


Message History

Casting: Mephitic Cloud (dangerous; 4% risk of failure)
Confirm with . or Enter, or press ? or * to list all spells.
You blink.
The crimson imp shouts, "Run away, thou mammering fen-sucked nightsoil!"
The crimson imp shouts, "Flee, thou grime-gilt guts-griping haggard!"
Found a leather armour.
Casting: Blink (safe; 4% risk of failure)
Confirm with . or Enter, or press ? or * to list all spells.
The fire begins to smolder!
The fire ignites!
Something closely misses you. Something hits you!
* * * LOW HITPOINT WARNING * * *
Casting: Conjure Flame (dangerous; 2% risk of failure)
Confirm with . or Enter, or press ? or * to list all spells.
You blink.
A hungry ghost comes into view.
The hungry ghost moves out of view.
Something hits you!
You die...

# $. . ....#. #####
....#.####....
..!........#
....#...@###
.....W.##...### ###
.....#...##...######...#
# ...
###..###..........# ..
... #................#
##.## #.#
#........#####....
.....##.# #[ยง.....## ..
#...#.####.........
#.................


You could see a hungry ghost.

Vanquished Creatures
  2 hippogriffs (D:7)
  Sigmund (D:5)
  A hungry ghost (D:8)
  2 sky beasts
  An orc warrior (D:8)
  A black bear (D:7)
  A phantom (D:7)
  4 ice beasts
  2 centaurs
  3 ogres
  8 big kobolds
  A bullfrog (D:7)
  Blork the orc (D:6)
  3 scorpions
  4 killer bees (D:8)
  3 wights (D:7)
  5 electric eels
  4 howler monkeys
  A crimson imp (D:6)
  A bullfrog zombie (D:8)
  A centaur skeleton (D:6)
  2 quasits
  2 bullfrog skeletons
  4 orc priests
  2 jellies
  9 orc wizards
  2 iguanas
  Terence (D:2)
  3 worker ants
  13 gnolls
  9 adders
  A dart slug (D:3)
  2 leopard geckos
  35 orcs
  10 bats
  5 giant cockroaches
  6 goblins
  6 hobgoblins
  13 jackals
  4 quokkas
  2 ball pythons (D:3)
  6 frilled lizards
  A giant cockroach zombie (D:6)
  65 kobolds
  2 quokka zombies
  7 rats
262 creatures vanquished.

Vanquished Creatures (others)
  A leopard gecko (D:7)
1 creature vanquished.

Grand Total: 263 creatures vanquished

Notes
Turn   | Place    | Note
-------+----------+-------------------------------------------
     0 | D:1      | Britanger the Deep Elf Wizard began the quest for the Orb.
     0 | D:1      | Reached XP level 1. HP: 10/10 MP: 7/7
   190 | D:1      | Reached XP level 2. HP: 15/15 MP: 6/9
  1130 | D:2      | Reached skill level 5 in Spellcasting
  1130 | D:2      | Reached XP level 3. HP: 19/19 MP: 5/11
  1293 | D:3      | Reached XP level 4. HP: 12/24 MP: 4/13
  1466 | D:2      | Found a shimmering blue altar of Sif Muna.
  1472 | D:2      | Became a worshipper of Sif Muna the Loreminder
  1493 | D:2      | Learned a level 2 spell: Blink
  1497 | D:2      | Learned a level 3 spell: Conjure Flame
  1501 | D:2      | Learned a level 3 spell: Mephitic Cloud
  1511 | D:2      | Noticed Terence
  1721 | D:2      | Found a bloodstained altar of Trog.
  1860 | D:2      | Killed Terence
  2067 | D:3      | Found a basalt altar of Yredelemnul.
  2259 | D:3      | Reached XP level 5. HP: 28/28 MP: 11/15
  2490 | D:3      | Reached * piety under Sif Muna
  2490 | D:3      | Reached skill level 6 in Spellcasting
  2624 | D:3      | Reached skill level 5 in Conjurations
  2709 | D:3      | Found a sacrificial altar of Ru.
  2710 | D:3      | Found a bloodstained altar of Trog.
  2714 | D:3      | Found a hazy altar of Hepliaklqana.
  3354 | D:5      | Entered Level 5 of the Dungeon
  3434 | D:5      | Noticed Sigmund
  3434 | D:5      | Noticed an ice beast
  4075 | D:4      | Reached XP level 6. HP: 32/32 MP: 17/17
  4624 | D:5      | Killed an ice beast
  4815 | D:5      | Killed Sigmund
  4815 | D:5      | Reached skill level 7 in Spellcasting
  4815 | D:5      | Reached XP level 7. HP: 36/36 MP: 19/19
  5158 | D:5      | Reached skill level 8 in Spellcasting
  5167 | D:5      | Reached ** piety under Sif Muna
  6113 | D:6      | Reached XP level 8. HP: 32/41 MP: 22/22
  6957 | D:7      | Gained mutation: Your flesh is cold resistant. (rC+)
                  | [potion of mutation]
  6957 | D:7      | Gained mutation: Your body sometimes deteriorates upon
                  | taking damage. [potion of mutation]
  6957 | D:7      | Gained mutation: You have a pair of small horns on your
                  | head. [potion of mutation]
  6957 | D:7      | Gained mutation: You are surrounded by a mild repulsion
                  | field. (EV +2) [potion of mutation]
  7235 | D:6      | Found an iron altar of Okawaru.
  7790 | D:6      | Noticed Blork the orc
  7808 | D:6      | Killed Blork the orc
  7879 | D:6      | Reached *** piety under Sif Muna
  8018 | D:6      | Reached skill level 9 in Spellcasting
  8068 | D:6      | Reached skill level 5 in Stealth
  8082 | D:6      | Reached skill level 5 in Dodging
  8747 | D:6      | Reached XP level 9. HP: 45/45 MP: 24/24
  9223 | D:7      | Reached **** piety under Sif Muna
  9223 | D:7      | Reached skill level 10 in Spellcasting
  9435 | D:7      | Found a staircase to the Ecumenical Temple.
  9555 | Temple   | Entered the Ecumenical Temple
 11112 | D:8      | Noticed Erica
 11201 | D:7      | Reached skill level 11 in Spellcasting
 12488 | D:8      | Reached XP level 10. HP: 50/50 MP: 20/27
 12878 | D:8      | Reached skill level 12 in Spellcasting
 13039 | D:8      | Found a runed translucent door.
 13042 | D:8      | Noticed Dicemaster's ghost (novice GnWr)
 13143 | D:8      | Reached skill level 1 in Evocations
 13435 | D:8      | You fall into a shaft and drop 2 floors!
 13435 | D:10     | Entered Level 10 of the Dungeon
 13493 | D:10     | HP: 2/50 [something (10)]
 13495 | D:10     | Mangled by an unseen horror

Illustrated notes

Levels and vault maps discovered:
D:1:      grunt_arrival_lava_bath, layout_loops_ring
D:2:      layout_rooms, led_sif_pool, trog_book, uniq_terence
D:3:      layout_basic, minitemple, yredelemnul_altar_generic, first_ration,
          minivault_19
D:4:      layout_loops_corners
D:5:      layout_cave_pods, uniq_sigmund
D:6:      minmay_goblin_kobold_castle, layout_cave_pools,
          okawaru_altar_gauntlet_db, uniq_blork_the_orc
D:7:      layout_loops_ring, minmay_temple_entry_arrows,
          serial_co_window_serial, co_window_of_opportunity_a,
          co_window_paths_a, co_window_corner_a, co_window_corner_a,
          co_window_paths_b, co_window_broadway_a, co_window_paths_c,
          co_window_unsneaky_path_b, co_window_sun, glass_columns_b,
          glass_columns_b, glass_columns_a, glass_columns_a, glass_columns_a,
          nicolae_lava_and_water
D:8:      layout_cave_pools, gammafunk_ghost_grave, uniq_erica
D:9:      layout_basic, elyvilon_altar_5, uniq_psyche
D:10:     layout_rooms, orc_0_dummy
Temple:   eino_temple_rhombus

Skill      XL: |  1  2  3  4  5  6  7  8  9 10 |
---------------+-------------------------------+-----
Conjurations   | 2 3 4 5 7 8 |  8.1
Spellcasting   | 5 6 7 8 9 11 12 | 12.0
Stealth        | 3 6 8 |  8.0
Dodging        | 5 8 9 |  9.0
Evocations     | 1 |  1.0
Summonings     | |  1.1
Translocations | |  1.1

Action                   |  1- 3 |  4- 6 |  7- 9 | 10-12 || total
-------------------------+-------+-------+-------+-------++-------
Melee: War axe           |       |     1 |       |       ||     1
       Dagger            |       |       |     3 |       ||     3
       Hand crossbow     |       |       |     1 |     1 ||     2
 Cast: Magic Dart        |    72 |   154 |   674 |    76 ||   976
       Mephitic Cloud    |       |     4 |    23 |     7 ||    34
       Blink             |       |     7 |    28 |    11 ||    46
       Conjure Flame     |       |     2 |    23 |     4 ||    29
  Use: Scroll            |       |     5 |     8 |     4 ||    17
       Potion            |       |       |     1 |     1 ||     2
  Eat: Chunk             |     1 |     7 |    17 |     2 ||    27
       Ration            |       |     1 |     2 |     1 ||     4
Armor: Robe              |     2 |     3 |    33 |    18 ||    56
Dodge: Dodged            |    10 |    21 |   181 |    55 ||   267
